 Dungeon Crawl Stone Soup version 0.26-a0-683-g5206c1d7ac (webtiles) character file.

Game seed: 9985724850381466641

4025 Conn the Magician (level 10, -2/91 HPs)
             Began as an Octopode Hedge Wizard on Oct 22, 2020.
             Was a Believer of Sif Muna.
             Slain by an acid dragon (14 damage)
             ... on level 7 of the Dungeon.
             The game lasted 00:36:06 (8338 turns).

Conn the Magician (Octopode Hedge Wizard)           Turns: 8338, Time: 00:36:07

Health: -2/91      AC:  1    Str: 10    XL:     10   Next: 24%
Magic:  25/29      EV: 15    Int: 20    God:    Sif Muna [**....]
Gold:   116        SH:  0    Dex: 20    Spells: 10/23 levels left

rFire    + . .     SeeInvis +   G - +4 broad axe of the Two Names {vorpal, Dex+3}
rCold    x . .     Faith    .   (no shield)
rNeg     . . .     Spirit   .   b - +0 hat
rPois    .         Reflect  .   q - amulet of regeneration
rElec    .         Harm     .   k - ring of fire
rCorr    .         Rampage  .   w - ring of protection from magic
MR       +++..                  A - ring of magical power
Stlth    ..........             H - +6 ring of dexterity
HPRegen  0.65/turn              L - ring of Beauty {MR++ SInv}
MPRegen  0.21/turn              (no ring)
                                (no ring)
                                (no ring)

@: berserking, very quick
A: almost no armour, stealthy swim, amphibious, 8 rings, constrict 8, camouflage
1, gelatinous body 1
a: Channel Magic, Renounce Religion


You were on level 7 of the Dungeon.
You worshipped Sif Muna.
Sif Muna was pleased with you.
You visited 2 branches of the dungeon, and saw 8 of its levels.

You collected 368 gold pieces.
You spent 252 gold pieces at shops.

Inventory:

Hand Weapons
 a - a +0 dagger
 h - a +0 short sword
 i - a +0 hunting sling
 o - a +4 vorpal falchion
 G - the +4 broad axe of the Two Names (weapon) {vorpal, Dex+3}
   (You bought it in a shop on level 4 of the Dungeon)

   It inflicts extra damage upon your enemies.
   It affects your dexterity (+3).
Missiles
 g - 24 poisoned darts
 I - 2 curare-tipped darts (quivered)
Armour
 b - a +0 hat (worn)
 e - a +2 kite shield
 t - a +0 kite shield
Jewellery
 k - a ring of fire (left tentacle)
 q - an amulet of regeneration (around mantle)
 w - a ring of protection from magic (right tentacle)
 A - a ring of magical power (on tentacle)
 H - a +6 ring of dexterity (on tentacle)
 K - an uncursed ring of fire
 L - the ring of Beauty (on tentacle) {MR++ SInv}
   (You took it off a centaur on level 7 of the Dungeon)

   [ring of see invisible]

   It affects your resistance to hostile enchantments.
   It lets you see invisible.
Wands
 c - a wand of flame (9)
 f - a wand of polymorph (10)
 J - a wand of random effects (15)
Scrolls
 l - 5 scrolls of identify
 m - 3 scrolls of teleportation
 n - a scroll of magic mapping {unknown}
 s - a scroll of random uselessness {unknown}
 u - a scroll of vulnerability {unknown}
 v - 3 scrolls of remove curse
 x - a scroll of enchant armour {unknown}
 y - a scroll of amnesia
 E - a scroll of immolation {unknown}
Potions
 d - a potion of curing
 j - a potion of invisibility
 p - a potion of lignification
 r - a potion of degeneration {unknown}
 z - 2 potions of flight
 B - a potion of might
 C - a potion of berserk rage
 D - a potion of ambrosia {unknown}
 F - a potion of stabbing {unknown}
Miscellaneous
 M - a condenser vane (2/2)


   Skills:
 + Level 2.5 Fighting
 + Level 2.0 Short Blades
 + Level 0.7(1.4) Long Blades
 + Level 3.4 Axes
 + Level 0.3 Throwing
 + Level 2.9 Dodging
 + Level 7.0 Stealth
 * Level 7.2 Spellcasting
 * Level 4.6 Conjurations
 + Level 2.4 Summonings
 + Level 1.1 Translocations
 * Level 4.8 Fire Magic
 * Level 3.3 Ice Magic
 * Level 4.2 Air Magic
 + Level 1.0 Poison Magic
 * Level 3.8 Invocations
 + Level 0.1 Evocations


You had 10 spell levels left.
You knew the following spells:

 Your Spells              Type           Power        Failure   Level
a - Magic Dart            Conj           ####         1%          1
b - Blink                 Tloc           N/A          9%          2
c - Call Imp              Summ           ###.....     4%          2
d - Conjure Flame         Conj/Fire      #####...     4%          3
e - Mephitic Cloud        Conj/Pois/Air  ###.....     7%          3
f - Apportation           Tloc           ##....       5%          1
g - Freeze                Ice            ###.         2%          1

Your spell library contained the following spells:

 Spells                   Type           Power        Failure   Level
 Summon Small Mammal      Summ           ###.         3%          1
 Frozen Ramparts          Ice            ###...       7%          3
 Ozocubu's Armour         Ice            ###.....     7%          3
 Animate Skeleton         Necr           #.....       10%         1
 Corona                   Hex            #......      10%         1
 Slow                     Hex            #.......     14%         2
 Gell's Gravitas          Tloc           ##........   17%         3
 Hailstorm                Conj/Ice       ###.....     19%         4
 Confusing Touch          Hex            #.......     28%         3
 Summon Ice Beast         Ice/Summ       ###.....     28%         4
 Petrify                  Tmut/Erth      #.......     67%         4
 Metabolic Englaciation   Hex/Ice        ##........   78%         5
 Yara's Violent Unravell  Hex/Tmut       #.........   95%         5


Dungeon Overview and Level Annotations

Branches:
Dungeon (7/15)             Temple (1/1) D:4

Altars:
Ashenzari
Cheibriados
Dithmenos
Elyvilon
Fedhas
Gozag
Hepliaklqana
Kikubaaqudgha
Makhleb
Nemelex Xobeh
Okawaru
Qazlal
Ru
Sif Muna
Trog
Uskayaw
Vehumet
Wu Jian
Xom
Yredelemnul
Zin
The Shining One

Shops:
D:4 (

Annotations:
D:7 1 runed translucent door


Innate Abilities, Weirdness & Mutations

You cannot wear most types of armour.
You are very stealthy in the water. (Stealth+)
You are amphibious.
You can wear up to eight rings at the same time.
You can use your tentacles to constrict eight enemies at once.
Your skin changes colour to match your surroundings (Stealth+).
Your rubbery body absorbs attacks. (AC +1, EV +1)


Message History

The acid dragon is severely wounded.
The acid dragon bites you. The acid dragon closely misses you.
Casting: Freeze (safe; 2% risk of failure)
Confirm with . or Enter, or press ? or * to list all spells.
Aiming: Freeze (safe; 2% risk of failure)
Press: ? - help, Shift-Dir - straight line, f/p - acid dragon
Aim: an acid dragon (severely wounded)
You freeze the acid dragon.
The acid dragon is almost dead.
The acid dragon spits acid at you. The splash of acid hits you!
* * * LOW HITPOINT WARNING * * *
You are splashed with acid!
* * * LOW HITPOINT WARNING * * *
You hear an angry hiss.
A red film seems to cover your vision as you go berserk!
You feel yourself moving faster!
You feel mighty!
A quokka comes into view.
The acid dragon bites you!
You die...

..'#############
..#÷.†..)...##.#
..#.#.#.#.#.##.##
..###.#.#.####.##
...#..#.#..###.###
...##.#.#.####.###
#...#.#.#.###...###
#...###.#####.#.###
###..#...###.)#.@###
##.##.##...).[.D.#
#..#)#'.#######.'# #
##.##.###########r#
.# #..#..# #
.#####.##.# #
#.....##.
.##.###..#.#
#....##..##.


You could see an acid dragon (catching breath) and a quokka.

Vanquished Creatures
  An ugly thing (D:7)
  Eustachio (D:5)
  2 hogs (D:7)
  2 yaks (D:7)
  A human (D:7)
  A water moccasin (D:5)
  An ice beast (D:7)
  A sky beast (D:7)
  2 black bears (D:6)
  2 orc warriors
  3 ogres
  A phantom (D:4)
  A necrophage (D:6)
  3 centaurs
  3 big kobolds (D:7)
  3 bullfrogs
  5 wights (D:6)
  A howler monkey (D:7)
  A bullfrog zombie (D:7)
  4 hounds
  Crazy Yiuf (D:2)
  3 orc wizards
  2 orc priests (D:7)
  2 centaur skeletons
  3 iguanas
  Natasha (twice) (D:2)
  4 worker ants
  A howler monkey skeleton (D:4)
  6 adders
  A white imp (D:6)
  2 ufetubi (D:6)
  2 adder zombies
  A worm (D:2)
  A dart slug (D:2)
  4 leopard geckos
  14 orcs
  4 giant cockroaches
  15 goblins
  8 hobgoblins
  10 jackals
  A quokka (D:3)
  A ball python (D:1)
  5 bats
  2 frilled lizards
  11 kobolds
  A leopard gecko skeleton (D:4)
  A leopard gecko zombie (D:5)
  A quokka skeleton (D:4)
  9 rats
157 creatures vanquished.

Vanquished Creatures (collateral kills)
  An orc warrior (D:5)
  An ogre (D:4)
  A centaur (D:5)
  Natasha (D:2)
  An iguana (D:4)
  An orc wizard (D:4)
  A worm (D:2)
  3 orcs
  A frilled lizard (D:2)
11 creatures vanquished.

Grand Total: 168 creatures vanquished

Notes
Turn   | Place    | Note
-------+----------+-------------------------------------------
     0 | D:1      | Conn the Octopode Hedge Wizard began the quest for the Orb.
     0 | D:1      | Reached XP level 1. HP: 11/11 MP: 4/4
   309 | D:1      | Reached XP level 2. HP: 11/17 MP: 1/6
   429 | D:1      | Learned a level 2 spell: Blink
   432 | D:1      | Learned a level 2 spell: Call Imp
  1025 | D:1      | Reached XP level 3. HP: 21/21 MP: 4/8
  1030 | D:1      | Learned a level 3 spell: Conjure Flame
  1452 | D:2      | Noticed Natasha
  1461 | D:2      | Killed Natasha
  1592 | D:2      | Noticed Natasha
  1615 | D:2      | Killed Natasha
  1615 | D:2      | Reached XP level 4. HP: 27/27 MP: 0/10
  1622 | D:2      | Noticed Natasha
  1631 | D:2      | Killed Natasha
  1802 | D:2      | Learned a level 3 spell: Mephitic Cloud
  2111 | D:2      | Found a runed translucent door.
  2112 | D:2      | Noticed Crazy Yiuf
  2141 | D:2      | Killed Crazy Yiuf
  2141 | D:2      | Reached skill level 5 in Stealth
  2141 | D:2      | Reached XP level 5. HP: 32/32 MP: 1/11
  2361 | D:2      | Found a faded altar of an unknown god.
  2410 | D:3      | Reached skill level 1 in Short Blades
  2863 | D:3      | Learned a level 1 spell: Apportation
  2889 | D:3      | Found a blossoming altar of Fedhas.
  3628 | D:4      | Found a staircase to the Ecumenical Temple.
  3638 | Temple   | Entered the Ecumenical Temple
  3734 | Temple   | Became a worshipper of Sif Muna the Loreminder
  3806 | D:4      | Found Basiung's Antique Weapon Shop.
  3830 | D:4      | Reached skill level 1 in Fire Magic
  3913 | D:4      | Reached XP level 6. HP: 29/37 MP: 7/12
  4078 | D:4      | Noticed a phantom
  4116 | D:4      | Killed a phantom
  4408 | D:4      | Reached skill level 1 in Air Magic
  4445 | D:4      | Found a sacrificial altar of Ru.
  4474 | D:4      | Reached skill level 5 in Spellcasting
  4623 | D:4      | Reached XP level 7. HP: 42/42 MP: 2/14
  4926 | D:5      | Entered Level 5 of the Dungeon
  4978 | D:4      | Reached * piety under Sif Muna
  5646 | D:5      | Reached skill level 1 in Invocations
  5646 | D:5      | Reached XP level 8. HP: 27/47 MP: 13/16
  5752 | D:5      | Reached skill level 1 in Fighting
  5838 | D:5      | Noticed Eustachio
  5856 | D:5      | Killed Eustachio
  6527 | D:6      | Learned a level 1 spell: Freeze
  6600 | D:4      | Bought an iridescent broad axe for 252 gold pieces
  6600 | D:4      | Identified the +4 broad axe of the Two Names {vorpal,
                  | Dex+3} (You bought it in a shop on level 4 of the Dungeon)
  6652 | D:6      | Found a glowing golden altar of the Shining One.
  6891 | D:6      | Reached skill level 1 in Ice Magic
  7015 | D:6      | Reached XP level 9. HP: 36/54 MP: 18/18
  7429 | D:7      | Reached ** piety under Sif Muna
  7660 | D:7      | Reached skill level 1 in Axes
  8132 | D:7      | Reached skill level 1 in Poison Magic
  8132 | D:7      | Reached XP level 10. HP: 61/61 MP: 20/20
  8133 | D:7      | Found a runed translucent door.
  8137 | D:7      | Noticed a brown ugly thing
  8144 | D:7      | Killed a brown ugly thing
  8177 | D:7      | Identified the ring of Beauty {MR++ SInv}
  8338 | D:7      | Slain by an acid dragon

Illustrated notes

Levels and vault maps discovered:
D:1:      psy_arrival_terrarium, layout_basic, columned_hall_lemuel
D:2:      layout_rooms, chequers_ecumenical_altar_grove,
          uniq_crazy_yiuf_cottage, uniq_natasha
D:3:      layout_loops_ring, fedhas_altar_fruit_tree
D:4:      cheibrodos_greedy_goblins, layout_basic, minmay_temple_entry_trees,
          serial_shops, nicolae_shop_statue_plus,
          nicolae_ru_sacrificial_ziggurat
D:5:      layout_rooms, uniq_eustachio
D:6:      layout_loops_ring, nicolae_overflow_crystal_walls
D:7:      minmay_the_grid_triangle_9x9_recursive_2
          [minmay_the_grid_triangle_9x9_prize_insulated,
          minmay_the_grid_triangle_9x9_alien,
          minmay_the_grid_triangle_9x9_from_above,
          minmay_the_grid_triangle_9x9_tough_junction], layout_loops_ring,
          grunt_livestock
Temple:   kilobyte_greek_temple

Skill      XL: |  1  2  3  4  5  6  7  8  9 10 |
---------------+-------------------------------+-----
Stealth        | 3 4 5 6 7 |  7.0
Spellcasting   | 4 5 6 7 |  7.2
Short Blades   | 1 2 |  2.0
Fire Magic     | 1 2 4 |  4.8
Conjurations   | 2 3 4 |  4.6
Air Magic      | 1 2 3 4 |  4.2
Summonings     | 2 |  2.4
Invocations    | 1 2 3 |  3.8
Fighting       | 1 2 |  2.5
Ice Magic      | 1 2 3 |  3.3
Axes           | 2 3 |  3.4
Poison Magic   | 1 |  1.0
Long Blades    | |  0.7
Throwing       | |  0.3
Dodging        | |  2.9
Translocations | |  1.1
Evocations     | |  0.1

Action                   |  1- 3 |  4- 6 |  7- 9 | 10-12 || total
-------------------------+-------+-------+-------+-------++-------
Melee: Dagger            |    22 |       |       |       ||    22
       Constrict         |     7 |    27 |    39 |     5 ||    78
       Tentacles         |     5 |    18 |    37 |     7 ||    67
       Short sword       |    20 |    95 |    37 |       ||   152
       Falchion          |       |       |    27 |       ||    27
       Broad axe         |       |       |    84 |    22 ||   106
Throw: Dart              |       |     4 |     4 |       ||     8
 Cast: Magic Dart        |    50 |    83 |   104 |     9 ||   246
       Call Imp          |     1 |    12 |    20 |     2 ||    35
       Blink             |       |     2 |     2 |       ||     4
       Conjure Flame     |       |     2 |     5 |     2 ||     9
       Mephitic Cloud    |       |       |    22 |     5 ||    27
       Freeze            |       |       |       |     4 ||     4
Evoke: Wand              |       |       |     1 |       ||     1
  Use: Potion            |     3 |     5 |     4 |     1 ||    13
       Scroll            |       |     5 |       |       ||     5
 Stab: Sleeping          |     6 |     9 |     3 |       ||    18
       Confused          |       |       |    12 |     3 ||    15
       Distracted        |       |       |       |     1 ||     1
Armor: Skin              |     1 |     6 |     5 |     2 ||    14
Dodge: Dodged            |    26 |    52 |   138 |    22 ||   238
       Rpst.: Falchion   |       |       |     5 |       ||     5

Table legend: (Time is in decaauts)
 A = Elapsed time spent in this place.
 B = Non-inter-level travel time spent in this place.
 C = Inter-level travel time spent in this place.
 D = Time resting spent in this place.
 E = Time spent auto-exploring this place.
 F = Levels seen in this place.
 G = Mean time per level.
                   A        B        C        D        E       F      G
               +--------+--------+--------+--------+--------+-----+--------+
         Total |   8433 |   8232 |    201 |   1495 |   4114 |   8 | 1054.1 |
       Dungeon |   8298 |   8133 |    165 |   1495 |   4049 |   7 | 1185.4 |
        Temple |    134 |     98 |     36 |      0 |     65 |   1 |  134.0 |
               +--------+--------+--------+--------+--------+-----+--------+

Top non-repeatable levels by time:
     D:4: 1367 daAuts
     D:1: 1337 daAuts
     D:3: 1221 daAuts
     D:6: 1187 daAuts
     D:2: 1083 daAuts
     D:5: 1060 daAuts
     D:7: 1041 daAuts
  Temple: 134 daAuts
